 Dungeon Crawl Stone Soup version 0.28-a0-1629-gf728b707aa (webtiles) character file.

Game seed: 3962308845269912006

48 frimble the Skirmisher (level 3, 0/29 HPs)
             Began as a Demonspawn Warper on Jan 24, 2022.
             Slain by an adder (4 damage)
             ... on level 3 of the Dungeon.
             The game lasted 00:03:17 (1831 turns).

frimble the Skirmisher (Demonspawn Warper)          Turns: 1831, Time: 00:03:18

Health: 0/29       AC:  3    Str: 11    XL:     3   Next: 50%
Magic:  6/6        EV: 11    Int: 22    God:
Gold:   69         SH:  0    Dex: 12    Spells: 4/6 levels left

rFire   . . .      SeeInvis .   b - +0 hunting sling
rCold   . . .      Faith    .   (no shield)
rNeg    . . .      Spirit   .   l - +0 leather armour
rPois   .          Reflect  .   (no helmet)
rElec   .          Harm     .   (no cloak)
rCorr   .          Rampage  .   (no gloves)
Will    .....                   (no boots)
Stlth   +.........              (no amulet)
HPRegen 0.09/turn               f - ring of wizardry
MPRegen 0.10/turn               o - +6 ring of intelligence

@: confused, lethally poisoned (0 -> -6), ambrosia-drunk, hasted, studying
Fighting, very quick
A: powered by death 2
a: no special abilities


You were on level 3 of the Dungeon.
You visited 1 branch of the dungeon, and saw 3 of its levels.

You collected 69 gold pieces.

Inventory:

Hand Weapons
 a - a +0 short sword
 b - a +0 hunting sling (weapon)
Missiles
 d - 5 boomerangs of dispersal
 j - 3 poisoned darts
 m - 86 stones (quivered ammo)
Armour
 l - a +0 leather armour (worn)
Jewellery
 e - a ring of magical power
 f - a ring of wizardry (left hand)
 o - a +6 ring of intelligence (right hand)
Scrolls
 c - 2 scrolls of blinking
 k - a scroll of summoning
Potions
 n - a potion of heal wounds {unknown}


   Skills:
 + Level 3.2 Fighting
 + Level 2.3 Short Blades
 + Level 1.7 Throwing
 - Level 1.0 Armour
 - Level 1.8 Dodging
 - Level 2.0 Spellcasting
 - Level 2.8 Translocations


You had 4 spell levels left.
You knew the following spells:

 Your Spells              Type           Power      Damage    Failure   Level
a - Blink                 Tloc           28%        N/A       3%          2

Your spell library contained the following spells:

 Spells                   Type           Power      Damage    Failure   Level
 Gell's Gravitas          Tloc           14%        N/A       7%          3
 Lesser Beckoning         Tloc           14%        N/A       7%          3
 Teleport Other           Tloc           14%        N/A       7%          3
 Tukima's Dance           Hex            2%         N/A       21%         3
 Passage of Golubria      Tloc           14%        N/A       22%         4
 Manifold Assault         Tloc           14%        N/A       50%         5
 Yara's Violent Unravell  Hex/Tmut       1%         3d3       86%         5


Dungeon Overview and Level Annotations

Branches:
Dungeon (3/15)

Altars:

Shops:
D:1 ?


Innate Abilities, Weirdness & Mutations

You regenerate health from kills.


Message History

Unknown command.
As you read the scroll of summoning, it crumbles to dust.
Wisps of shadow whirl around you...
You feel sick. The adder bites you. x2
You are more poisoned.
The adder poisons you!
You swap places.
You feel very sick. The adder bites your goblin.
Your goblin closely misses the adder.
Your goblin hits the adder with a +0 club.
You see here a stone.
You feel stable enough to blink again.
You feel sick. The adder bites your goblin.
Your goblin dies!
Your goblin's corpse dissolves into shadows!
Your goblin hits the adder with a +0 club.
You feel sick. The adder bites you.
* * * LOW HITPOINT WARNING * * *
You are lethally poisoned!
The adder poisons you!
Your goblin unwields a +0 club.
Your goblin wields a +0 hunting sling.
Your goblin shoots a stone.
The stone barely misses the adder.
It was a potion of haste.
You feel yourself speed up.
* * * LOW HITPOINT WARNING * * *
You feel very sick. The adder bites you.
* * * LOW HITPOINT WARNING * * *
You are confused.
You feel invigorated.
* * * LOW HITPOINT WARNING * * *
You feel sick.
Your goblin shoots a stone.
The stone misses the adder.
The adder bites you.
* * * LOW HITPOINT WARNING * * *
Are you sure you want to stumble around while confused and next to your bat?
Okay, then.
Are you sure you want to stumble around while confused and next to your bat?
You barely miss your bat.
Your bat dissolves into shadows!
* * * LOW HITPOINT WARNING * * *
You feel sick. The adder bites you.
You die...

.# .#.#. .#.#.#.
.#.#.#.#. #### ###.#
.#.#.#.# #.#.# ..#.#
#.#.#.#.#.#.#
###.#.#.#.#.#.#.#b#
..#.#.#.#.#.#.#@#
##.#.#.#.#.#$#S#.#
#.#.#.#.#+#.#(#.#.#
##.#.#.#....g#.#b#.#
#.#.#.#+....#.#.#.#.#
##.#.#.#.....#.#.#.#.#
#.#.#.#.#+#.#.#.#.#.#.#
##.#.#.#.#.#.#.#.#w#.#.
#.#.#.#.#.# #.#.#.#.#.


You could see an adder (ally target), a friendly goblin (summoned) and a
friendly bat (summoned).

Vanquished Creatures
  An orc wizard (D:3)
  4 orcs (D:3)
  3 ball pythons
  A bat (D:1)
  2 endoplasms (D:1)
  A goblin (D:2)
  3 hobgoblins
  4 rats
19 creatures vanquished.

Notes
Turn   | Place    | Note
-------+----------+-------------------------------------------
     0 | D:1      | frimble the Demonspawn Warper began the quest for the Orb.
     0 | D:1      | Reached XP level 1. HP: 16/16 MP: 3/3
    14 | D:1      | Found Sekhlaxt's Magic Scroll Shop.
   202 | D:1      | Reached skill level 1 in Throwing
   385 | D:1      | Reached skill level 1 in Armour
   749 | D:1      | Gained mutation: You regenerate a little health from kills.
                  | [demonic ancestry]
   749 | D:1      | Reached XP level 2. HP: 21/22 MP: 5/5
  1118 | D:1      | Found a faded altar of an unknown god.
  1650 | D:2      | Learned a level 2 spell: Blink
  1670 | D:3      | Reached skill level 3 in Fighting
  1670 | D:3      | Gained mutation: You regenerate health from kills. [demonic
                  | ancestry]
  1670 | D:3      | Reached XP level 3. HP: 26/29 MP: 6/6
  1831 | D:3      | Slain by an adder

Illustrated notes

Levels and vault maps discovered:
D:1:      elethiomel_arrival_quiet, layout_loops_corners, serial_shops,
          nicolae_diamond_shop, hellmonk_ecumenical_altar_leap_of_faith
D:2:      layout_loops_ring, uniq_jessica, uniq_terence, uniq_robin
D:3:      layout_basic, minmay_misc_feat_room, minmay_liquid_box,
          grunt_ministairs_7, serial_bayou_pond_e, cheibrodos_gnoll_hut

Skill      XL: |  1  2 |
---------------+-------+-----
Throwing       | 1 |  1.7
Armour         | 1 |  1.0
Short Blades   | 2 |  2.3
Fighting       | 3 |  3.2
Dodging        | |  1.8
Spellcasting   | |  2.0
Translocations | |  2.8

Action                   || total
-------------------------++-------
Melee: Short sword       ||    44
       Punch             ||     1
       Hunting sling     ||     1
 Fire: Hunting sling     ||    23
Throw: Dart              ||     4
 Cast: Blink             ||     1
  Use: Scroll            ||     4
       Potion            ||     2
Armor: Leather armour    ||    23
Dodge: Dodged            ||    29

Table legend: (Time is in decaauts)
 A = Elapsed time spent in this place.
 B = Non-inter-level travel time spent in this place.
 C = Inter-level travel time spent in this place.
 D = Time resting spent in this place.
 E = Time spent auto-exploring this place.
 F = Levels seen in this place.
 G = Mean time per level.
                   A        B        C        D        E       F      G
               +--------+--------+--------+--------+--------+-----+--------+
         Total |   1832 |   1665 |    167 |      0 |   1429 |   3 |  610.7 |
       Dungeon |   1832 |   1665 |    167 |      0 |   1429 |   3 |  610.7 |
               +--------+--------+--------+--------+--------+-----+--------+

Top non-repeatable levels by time:
     D:1: 1476 daAuts
     D:3: 318 daAuts
     D:2: 38 daAuts
